 Dungeon Crawl Stone Soup version 0.30-a0-578-gdee14c521f (webtiles) character file.

Game seed: 3253531141221997501

838 PyroL the Changer (level 7, -1/48 HPs)
             Began as an Octopode Transmuter on Dec 31, 2022.
             Was an Initiate of Ashenzari.
             Constricted to death by Pikel (10 damage)
             ... on level 6 of the Dungeon.
             The game lasted 00:10:28 (6027 turns).

PyroL the Changer (Octopode Transmuter)             Turns: 6027, Time: 00:10:28

Health: -1/48      AC:  2    Str:  9    XL:     7   Next: 99%
Magic:  3/10       EV: 20    Int: 17    God:    Ashenzari [......]
Gold:   207        SH:  5    Dex: 24    Spells: 4/10 levels left

rFire   . . .      SeeInvis .      - Unarmed
rCold   + . .      Faith    .    (shield currently unavailable)
rNeg    . . .      Spirit   .    (helmet currently unavailable)
rPois   x          Reflect  +    l - amulet of reflection
rElec   .          Harm     .    s - ring "Gaze Upon Infinity" {rC+, Elem, Fort} (curse)
rCorr   .          Rampage  .    y - +6 ring of dexterity
Will    .....                    (no ring)
Stlth   ++                       (no ring)
HPRegen 0.28/turn                (no ring)
MPRegen 0.12/turn                (no ring)
                                 (no ring)
                                 (no ring)

@: spider-form, wereblooded, grasped by roots, constricted
A: venomous fangs, almost no armour, (amphibious), 8 rings, tiny, (camouflage
1), (gelatinous body 1), (nimble swimmer 1), (tentacles)
a: End Transformation, Renounce Religion, Shatter the Chains


You were on level 6 of the Dungeon.
You worshipped Ashenzari.
Ashenzari was noncommittal.
You were a venomous arachnid creature.
You visited 2 branches of the dungeon, and saw 7 of its levels.

You collected 207 gold pieces.

Inventory:

Hand Weapons
 o - a +2 dagger of speed (melded)
Missiles
 k - 15 poisoned darts
 u - a throwing net
Jewellery
 l - an amulet of reflection (around neck)
 s - the cursed ring "Gaze Upon Infinity" (left front leg) {rC+, Elem, Fort}
   (You found it on level 3 of the Dungeon)

   [ring of protection from cold]

   rC:        It protects you from cold.
   It has a curse which improves the following skills: Elements: Fire Magic, Ice
   Magic, Air Magic and Earth Magic.
   Fortitude: Shields.
 y - a +6 ring of dexterity (right front leg)
Scrolls
 b - 7 scrolls of identify {unknown}
 c - a scroll of fog {unknown}
 d - a scroll of teleportation {unknown}
 j - 2 scrolls of noise {unknown}
 p - 2 scrolls of immolation {unknown}
 r - 2 scrolls of vulnerability {unknown}
 t - a scroll of magic mapping {unknown}
 v - a scroll of fear {unknown}
 x - a scroll of brand weapon {unknown}
Potions
 a - a potion of lignification
 e - a potion of ambrosia {unknown}
 f - 2 potions of brilliance {unknown}
 g - a potion of curing {unknown}
 h - 3 potions of might {unknown}
 i - a potion of attraction {unknown}
 m - 3 potions of mutation {unknown}
 n - 2 potions of heal wounds {unknown}
 q - a potion of flight {unknown}
 w - a potion of degeneration {unknown}
 z - a potion of invisibility {unknown}


   Skills:
 - Level 4.0 Fighting
 - Level 4.0 Dodging
 * Level 3.7 Unarmed Combat
 - Level 2.0 Spellcasting
 - Level 6.1 Transmutations
 + Level 0.0 Ice Magic
 - Level 3.0 Poison Magic


You had 4 spell levels left.
You knew the following spells:

 Your Spells              Type           Power      Damage    Failure   Level
a - Beastly Appendage     Tmut           44%        N/A       7%          1
b - Wereblood             Tmut           22%        N/A       9%          2
c - Spider Form           Tmut/Pois      17%        N/A       22%         3

Your spell library contained the following spells:

 Spells                   Type           Power      Damage    Failure   Level
 Necrotise                Necr           4%         1d4       38%         1
 Ensorcelled Hibernation  Hex/Ice        2%         N/A       50%         2
 Ice Form                 Ice/Tmut       12%        N/A       69%         4
 Inner Flame              Hex/Fire       1%         N/A       71%         3
 Vampiric Draining        Necr           1%         2d6       71%         3
 Anguish                  Hex/Necr       0%         N/A       96%         4
 Flame Wave               Conj/Fire      1%         2d4       96%         4
 Sticky Flame             Conj/Fire      1%         2d3       96%         4
 Agony                    Necr           1%         N/A       100%        5


Dungeon Overview and Level Annotations

Branches:
Dungeon (6/15)             Temple (1/1) D:5

Altars:
Ashenzari
Cheibriados
Dithmenos
Elyvilon
Fedhas
Gozag
Hepliaklqana
Kikubaaqudgha
Makhleb
Nemelex Xobeh
Okawaru
Qazlal
Ru
Sif Muna
Uskayaw
Vehumet
Wu Jian
Xom
Yredelemnul
Zin
The Shining One

Shops:
D:1 (*?

Annotations:
D:4 3 runed translucent doors, Iich's ghost, weakling HOFi
D:6 Pikel


Innate Abilities, Weirdness & Mutations

You are a venomous arachnid creature.
You have poisonous fangs.
You are tiny and dextrous.
Your spellcasting is less reliable in this form.
Your armour is entirely melded.
You are incapable of wielding weapons or throwing items.
You cannot wear most types of armour.
((You are amphibious.))
You can wear up to eight rings at the same time.
((Your skin changes colour to match your surroundings (Stealth+).))
((Your rubbery body absorbs attacks. (AC +1, EV +1)))
((You are camouflaged when in or above water. (Stealth+)))
((You have tentacles for arms and can constrict up to eight enemies at once.))


Message History

Confirm with . or Enter, or press ? or * to list all spells.
You fail to extend your transformation any further.
Pikel misses you.
Unknown command.
Casting: Spider Form (dangerous; 22% risk of failure)
Confirm with . or Enter, or press ? or * to list all spells.
Your blood is infused with primal strength.
Pikel completely misses you.
You hit Pikel but do no damage.
Pikel is lightly wounded.
Pikel hits you with a +0 whip of flaming.
Pikel burns you.
You barely miss Pikel.
Pikel is lightly wounded.
Pikel misses you.
You hit Pikel but do no damage.
Pikel looks even sicker.
Pikel is lightly wounded.
Pikel hits you with a +0 whip of flaming!
Pikel burns you.
You hit Pikel but do no damage.
Pikel looks as sick as possible!
Pikel is moderately wounded.
Pikel completely misses you.
You hit Pikel.
Pikel looks as sick as possible!
Pikel is heavily wounded.
Pikel zaps a wand.
The roots erupt in riotous growth!
The grasping roots grab you!
Pikel is unaffected.
The grasping roots constrict you.
You hear a shout! x3
You closely miss Pikel.
Pikel is heavily wounded.
Pikel misses you. The grasping roots constrict you!
* * * LOW HITPOINT WARNING * * *
You hit Pikel but do no damage.
Pikel looks as sick as possible!
Pikel is heavily wounded.
Pikel hits you with a +0 whip of flaming!
* * * LOW HITPOINT WARNING * * *
Pikel burns you.
* * * LOW HITPOINT WARNING * * *
The grasping roots constrict you!
You die...

###...
......#########
.....>.......(#
..............#
..............+
#...........##
#........<....
###+#K########
#s# #.#########
#.#.......#
#.#.#####.#
#.#.#...#.#
#.#.#.#.#.#
#.#.#.#<#.#
#.#.#.###.#
#...#.....#


You could see Pikel (extremely poisoned).

Vanquished Creatures
  Prince Ribbit (D:5)
  An ogre (D:5)
  A phantom (D:3)
  2 scorpions
  A necrophage (D:5)
  3 jellies
  2 hounds
  A gnoll (D:3)
  6 adders
  An ufetubus (D:4)
  4 worms
  A dart slug (D:3)
  3 ball pythons
  7 endoplasms
  5 giant cockroaches
  5 goblins
  3 hobgoblins
  5 jackals
  4 quokkas
  8 bats
  A frilled lizard (D:1)
  15 kobolds
  6 rats
86 creatures vanquished.

Vanquished Creatures (others)
  A fungus (D:5)
1 creature vanquished.

Grand Total: 87 creatures vanquished

Notes
Turn   | Place    | Note
-------+----------+-------------------------------------------
     0 | D:1      | PyroL the Octopode Transmuter began the quest for the Orb.
     0 | D:1      | Reached XP level 1. HP: 13/13 MP: 3/3
    29 | D:1      | Found Ligrieli's Weapon Boutique.
   122 | D:1      | Reached skill level 1 in Poison Magic
   124 | D:1      | Reached XP level 2. HP: 18/18 MP: 3/5
   131 | D:1      | Learned a level 2 spell: Wereblood
   317 | D:1      | Found Kasin's General Store.
   438 | D:1      | Reached XP level 3. HP: 23/23 MP: 4/6
   465 | D:1      | Found Zafuik's Magic Scroll Boutique.
  1063 | D:2      | Reached skill level 3 in Transmutations
  1070 | D:2      | Reached XP level 4. HP: 25/28 MP: 4/7
  1208 | D:2      | Found a shimmering blue altar of Sif Muna.
  1413 | D:3      | Found a blossoming altar of Fedhas.
  2156 | D:3      | Reached skill level 4 in Transmutations
  2241 | D:4      | Noticed a phantom
  2404 | D:3      | Killed a phantom
  2405 | D:3      | Reached XP level 5. HP: 33/33 MP: 8/8
  2668 | D:4      | Reached skill level 5 in Transmutations
  2749 | D:4      | Found a glowing silver altar of Zin.
  3013 | D:4      | Noticed an ice beast
  3016 | D:4      | Noticed an ice beast
  3117 | D:4      | Reached XP level 6. HP: 20/38 MP: 7/9
  3325 | D:4      | Learned a level 3 spell: Spider Form
  3363 | D:4      | HP: 1/38 [poisoned by an adder]
  3711 | D:4      | Found a runed translucent gate.
  3712 | D:4      | Found a runed translucent gate.
  3713 | D:4      | Found a runed translucent gate.
  3789 | D:4      | Noticed Iich's ghost (weakling HOFi)
  4269 | D:5      | Entered Level 5 of the Dungeon
  4400 | D:5      | HP: 1/39 [ogre/+0 giant club (38)]
  4596 | D:5      | Reached XP level 7. HP: 21/45 MP: 6/10
  4752 | D:5      | Found a staircase to the Ecumenical Temple.
  4767 | Temple   | Entered the Ecumenical Temple
  4930 | Temple   | Became a worshipper of Ashenzari the Shackled
  5775 | D:5      | Noticed Prince Ribbit
  5802 | D:5      | Killed Prince Ribbit
  5803 | D:5      | Reached skill level 6 in Transmutations
  6008 | D:6      | Noticed Pikel
  6027 | D:6      | Constricted to death by Pikel

Illustrated notes

Levels and vault maps discovered:
D:1:      spicycebolla_arrival_risky_transporter, layout_rooms, serial_shops,
          shop, shop, shop
D:2:      layout_basic, basic_altar, nrook_mini_backslash
D:3:      layout_basic, mainiacjoe_overflow_small_starburst
D:4:      layout_layer_cave, zin_academy, gammafunk_ghost_icy, st_stairs_10
D:5:      layout_loops_cross, minmay_temple_entry_slanted,
          dreamdust_mushroom_princess, corner_web_ring, minivault_19,
          uniq_prince_ribbit1
D:6:      layout_basic, uniq_pikel, uniq_menkaure, uniq_maggie, uniq_edmund
Temple:   compressed_dpeg_triangle_lava_temple

Skill      XL: |  1  2  3  4  5  6  7 |
---------------+----------------------+-----
Poison Magic   | 1 2 3 |  3.0
Transmutations | 3 4 5 6 |  6.1
Fighting       | 2 4 |  4.0
Dodging        | 3 4 |  4.0
Unarmed Combat | |  3.7
Spellcasting   | |  2.0

Action                   |  1- 3 |  4- 6 |  7- 9 || total
-------------------------+-------+-------+-------++-------
Melee: Unarmed           |    72 |    27 |    39 ||   138
       Constrict         |    23 |    17 |       ||    40
       Kick              |    19 |    25 |       ||    44
       Tentacles         |    12 |    13 |       ||    25
       Dagger            |    10 |   130 |       ||   140
       Punch             |     2 |     4 |       ||     6
Throw: Dart              |       |       |     6 ||     6
 Cast: Beastly Appendage |    17 |    22 |       ||    39
       Wereblood         |     2 |     1 |     1 ||     4
       Spider Form       |       |     6 |     7 ||    13
Invok: Curse Item        |       |       |     1 ||     1
  Use: Potion            |       |     1 |       ||     1
 Stab: Sleeping          |     2 |     4 |     1 ||     7
Armor: Skin              |     9 |    17 |     1 ||    27
Dodge: Dodged            |    62 |    53 |    25 ||   140
Block: Other             |       |    23 |     6 ||    29
       Reflection        |       |     1 |       ||     1

Table legend: (Time is in decaauts)
 A = Elapsed time spent in this place.
 B = Non-inter-level travel time spent in this place.
 C = Inter-level travel time spent in this place.
 D = Time resting spent in this place.
 E = Time spent auto-exploring this place.
 F = Levels seen in this place.
 G = Mean time per level.
                   A        B        C        D        E       F      G
               +--------+--------+--------+--------+--------+-----+--------+
         Total |   5972 |   5690 |    282 |   1286 |   3552 |   7 |  853.1 |
       Dungeon |   5803 |   5525 |    278 |   1286 |   3421 |   6 |  967.2 |
        Temple |    168 |    164 |      4 |      0 |    131 |   1 |  168.0 |
               +--------+--------+--------+--------+--------+-----+--------+

Top non-repeatable levels by time:
     D:4: 1845 daAuts
     D:5: 1364 daAuts
     D:3: 1173 daAuts
     D:1: 711 daAuts
     D:2: 650 daAuts
  Temple: 168 daAuts
     D:6: 57 daAuts
